 Dungeon Crawl Stone Soup version 0.25.1-2-g60ff931df9 (webtiles) character file.

Game seed: 17613774667320604810

13998 Divind the Carver (level 12, -1/139 HPs)
             Began as a Hill Orc Fighter on Sept 18, 2020.
             Was a Priest of Beogh.
             Shot with an arrow by a centaur (8 damage)
             ... on level 11 of the Dungeon.
             The game lasted 00:51:22 (13177 turns).

Divind the Carver (Hill Orc Fighter)               Turns: 13177, Time: 00:51:22

Health: -1/139     AC: 26    Str: 30    XL:     12   Next: 11%
Magic:  12/12      EV:  2    Int:  4    God:    Beogh [***...]
Gold:   471        SH: 19    Dex: 10    Spells: 11/11 levels left

rFire    . . .     SeeInvis .   M - +8 scimitar (freeze)
rCold    + . .     Gourm    .   w - +0 tower shield
rNeg     + + +     Faith    .   (armour currently unavailable)
rPois    +         Spirit   .   (helmet currently unavailable)
rElec    .         Reflect  .   (cloak currently unavailable)
rCorr    .         Harm     .   (gloves currently unavailable)
MR       +....     NoTele   +   (boots currently unavailable)
Stlth    +.........             (no amulet)
HPRegen  0.33/turn              I - +6 ring of strength
MPRegen  0.13/turn              C - ring of Dohuiw {+Fly rC+ MR+ Int-4}

@: tree-form
A: frail 1, mutation resistance 1
a: Smiting, Renounce Religion


You were on level 11 of the Dungeon.
You worshipped Beogh.
Beogh was most pleased with you.
You were not hungry.
You were a tree.
You visited 1 branch of the dungeon, and saw 11 of its levels.
You also visited: Ossuary.

You collected 816 gold pieces.
You spent 345 gold pieces at shops.

Inventory:

Hand Weapons
 a - a +0 long sword
 h - a +0 war axe of flaming
 M - a +8 scimitar of freezing (weapon)
Armour
 b - a +0 scale mail
 c - a +0 kite shield
 d - a +3 plate armour (melded)
 e - a +0 chain mail
 q - a +0 cloak
 w - a +0 tower shield (worn)
 y - a scarf of resistance (melded)
 D - a +2 buckler
 G - a +0 helmet (melded)
 Q - a cursed +0 pair of boots (melded)
Jewellery
 k - an uncursed ring of protection from fire
 s - a +6 ring of intelligence
 C - the ring of Dohuiw (right branch) {+Fly rC+ MR+ Int-4}
   (You found it on level 6 of the Dungeon)

   [ring of flight]

   It affects your intelligence (-4).
   It protects you from cold.
   It affects your resistance to hostile enchantments.
   It lets you fly.
 I - a +6 ring of strength (left branch)
 L - an uncursed ring of teleportation
 P - an uncursed ring of magical power
Wands
 p - a wand of flame (36)
 E - a wand of polymorph (8)
Scrolls
 g - 3 scrolls of remove curse
 m - a scroll of enchant armour
 n - 2 scrolls of teleportation {unknown}
 o - 3 scrolls of immolation
 r - 3 scrolls of magic mapping
 t - 2 scrolls of noise {unknown}
 u - a scroll of torment {unknown}
 B - 3 scrolls of amnesia {unknown}
 F - 2 scrolls of fog
 H - a scroll of fear
 J - 4 scrolls of identify
 K - a scroll of blinking {unknown}
Potions
 i - 3 potions of curing
 j - 2 potions of invisibility
 l - 2 potions of flight
 v - a potion of stabbing
 x - 2 potions of cancellation
 z - a potion of brilliance
Comestibles
 f - 10 rations


   Skills:
 + Level 9.3 Fighting
 + Level 12.5 Long Blades
 + Level 10.2 Armour
 + Level 1.7 Dodging
 + Level 1.0 Stealth
 + Level 11.3 Shields
 + Level 0.4 Evocations


You had 11 spell levels left.
You didn't know any spells.
Your spell library contained the following spells:

 Spells                   Type           Power        Failure   Level  Hunger
 Confusing Touch          Hex            #.......     100%        3    ####...
 Gell's Gravitas          Tloc           #.........   100%        3    ####...
 Petrify                  Tmut/Erth      #.......     100%        4    #####..
 Metabolic Englaciation   Hex/Ice        #.........   100%        5    ######.
 Yara's Violent Unravell  Hex/Tmut       #.........   100%        5    ######.


Dungeon Overview and Level Annotations

Branches:
Dungeon (11/15)            Temple (0/1) D:6            Lair (0/6) D:9
Ossuary (visited)
    Orc: D:9-12

Altars:
Dithmenos
Elyvilon
Fedhas
Gozag
Okawaru
Qazlal
Ru
Sif Muna
Wu Jian
Zin

Shops:
D:4 *   D:6 (   D:10 *   D:11 ?


Innate Abilities, Weirdness & Mutations

You are frail. (-10% HP)
You are somewhat resistant to further mutation.
((You are occasionally teleported next to monsters.))


Message History

A centaur comes into view.
You are engulfed in blazing flames.
* * * LOW HITPOINT WARNING * * *
The centaur wields a +0 shortbow.
The centaur shoots an arrow.
You block the arrow.
You are engulfed in blazing flames.
* * * LOW HITPOINT WARNING * * *
The centaur shoots an arrow.
The arrow hits you but does no damage.
The centaur shoots an arrow.
You block the arrow.
You feel better.
You are engulfed in blazing flames.
The centaur shoots an arrow.
You block the arrow.
Aiming: Throw Flame
Press: ? - help, Shift-Dir - straight line, f - centaur
Aim: a centaur, wielding a +0 shortbow and quivering 11 arrows The puff of flame hits the centaur.
The centaur is moderately wounded.
You are engulfed in blazing flames.
* * * LOW HITPOINT WARNING * * *
The centaur shoots an arrow.
The arrow hits you!
You die...

#...................
#..............
#......###.....
###.....## #....
###.......# ...
#.........## ..
#.##8......###. .
#.##.#.........
#.8.∩§8♣..%....
####<§.........
#8§###...... #..#
#..... #### #....
#... #.. #c


You could see a centaur.

Vanquished Creatures
  Erolcha (D:9)
  Harold (D:9)
  A hydra (D:11)
  2 two-headed ogres
  Urug (D:10)
  Pikel (D:7)
  A manticore (D:11)
  Maurice (D:8)
  3 centaur skeletons
  2 trolls
  5 hippogriffs
  A human (D:7)
  9 yaks
  4 hogs (D:7)
  2 hungry ghosts
  Menkaure (D:7)
  4 orc warriors
  4 phantoms
  An eye of draining (D:10)
  3 sky beasts
  4 ice beasts
  8 ogres
  3 centaurs
  A crocodile (D:8)
  4 bullfrogs
  2 scorpions
  4 killer bees (D:10)
  3 wights (D:9)
  8 howler monkeys
  2 crimson imps
  A quasit (D:5)
  A centaur zombie (D:5)
  7 hounds
  A bullfrog skeleton (D:10)
  A jelly (D:5)
  5 orc wizards
  5 orc priests
  Terence (D:3)
  An iguana (D:10)
  Natasha (thrice) (D:2)
  3 worker ants (D:4)
  A big kobold zombie (Ossuary)
  A hound skeleton (D:10)
  8 mummies (Ossuary)
  2 worker ant zombies
  7 adders
  2 howler monkey skeletons (D:6)
  A shadow imp (D:10)
  2 oozes
  An adder zombie (D:6)
  An adder skeleton (D:6)
  A worm (D:4)
  2 dart slugs
  5 leopard geckos
  29 orcs
  A ball python (D:5)
  9 giant cockroaches
  A gnoll zombie (Ossuary)
  6 goblins
  7 hobgoblins
  9 jackals
  9 kobolds
  3 quokkas
  8 bats
  2 frilled lizards (D:1)
  A hobgoblin zombie (Ossuary)
  A jackal zombie (D:7)
  3 kobold zombies (Ossuary)
  2 orc zombies (Ossuary)
  A quokka zombie (D:6)
  11 rats
253 creatures vanquished.

Vanquished Creatures (others)
  A howler monkey (D:7)
  An adder zombie (D:6)
  A jackal (D:6)
3 creatures vanquished.

Grand Total: 256 creatures vanquished

Notes
Turn   | Place    | Note
-------+----------+-------------------------------------------
     0 | D:1      | Divind the Hill Orc Fighter began the quest for the Orb.
     0 | D:1      | Reached XP level 1. HP: 19/19 MP: 1/1
   287 | D:1      | Reached XP level 2. HP: 27/27 MP: 2/2
   586 | D:1      | Reached XP level 3. HP: 33/33 MP: 3/3
   850 | D:2      | Found a glowing silver altar of Zin.
   914 | D:2      | Found an iron altar of Okawaru.
  1219 | D:2      | Noticed Natasha
  1236 | D:2      | Killed Natasha
  1236 | D:2      | Reached skill level 3 in Long Blades
  1236 | D:2      | Reached XP level 4. HP: 35/40 MP: 4/4
  1349 | D:2      | Noticed Natasha
  1356 | D:2      | Killed Natasha
  1405 | D:2      | Noticed Natasha
  1413 | D:2      | Killed Natasha
  1413 | D:2      | Reached XP level 5. HP: 36/46 MP: 5/5
  1474 | D:2      | Found a shimmering blue altar of Sif Muna.
  1638 | D:3      | Noticed Terence
  1652 | D:3      | Killed Terence
  2111 | D:3      | Found a shimmering blue altar of Sif Muna.
  2230 | D:3      | Reached skill level 5 in Shields
  2536 | D:3      | Found a faded altar of an unknown god.
  3132 | D:4      | Noticed an ogre
  3145 | D:4      | Reached skill level 4 in Long Blades
  3145 | D:4      | Reached XP level 6. HP: 44/52 MP: 6/6
  3676 | D:4      | Noticed a phantom
  3743 | D:4      | Killed a phantom
  3743 | D:4      | Reached skill level 5 in Long Blades
  3743 | D:4      | Reached XP level 7. HP: 47/60 MP: 7/7
  3822 | D:4      | Reached skill level 5 in Armour
  4391 | D:4      | Reached skill level 1 in Dodging
  4451 | D:4      | Found Boicsep's General Store.
  4456 | D:4      | Bought a scroll of enchant weapon for 105 gold pieces
  4652 | D:5      | Entered Level 5 of the Dungeon
  4658 | D:5      | Reached skill level 6 in Long Blades
  4658 | D:5      | Reached XP level 8. HP: 61/67 MP: 8/8
  4793 | D:5      | Found a sand-covered staircase.
  4797 | Ossuary  | Entered an ossuary
  4898 | Ossuary  | Reached skill level 5 in Fighting
  5513 | D:5      | Gained mutation: You are occasionally teleported next to
                  | monsters. [potion of mutation]
  5513 | D:5      | Gained mutation: You are frail. (-10% HP) [potion of
                  | mutation]
  5513 | D:5      | Gained mutation: You are somewhat resistant to further
                  | mutation. [potion of mutation]
  5605 | D:5      | Found a sacrificial altar of Ru.
  6178 | D:5      | Found a stormy altar of Qazlal.
  6315 | D:6      | Found Upotwuasm's Antique Weapon Boutique.
  6542 | D:6      | Became a worshipper of Beogh the Brigand
  6553 | D:6      | Reached skill level 7 in Long Blades
  6573 | D:6      | Got a steaming iron ring
  6575 | D:6      | Identified the ring of Dohuiw {+Fly rC+ MR+ Int-4} (You
                  | found it on level 6 of the Dungeon)
  7010 | D:6      | Reached XP level 9. HP: 35/67 MP: 9/9
  7816 | D:6      | Found an opulent altar of Gozag.
  7956 | D:6      | Found a staircase to the Ecumenical Temple.
  8286 | D:7      | Reached skill level 8 in Long Blades
  8734 | D:7      | Noticed Pikel
  8740 | D:7      | Reached skill level 9 in Long Blades
  8766 | D:7      | Killed Pikel
  8766 | D:7      | Reached skill level 1 in Stealth
  8766 | D:7      | Reached XP level 10. HP: 68/77 MP: 10/10
  8934 | D:7      | Noticed Menkaure
  8940 | D:7      | Killed Menkaure
  9174 | D:7      | Reached * piety under Beogh
  9202 | D:7      | Found a blossoming altar of Fedhas.
  9567 | D:8      | Reached skill level 10 in Long Blades
  9843 | D:8      | Found a white marble altar of Elyvilon.
 10049 | D:8      | Noticed Maurice
 10082 | D:8      | Killed Maurice
 10490 | D:9      | Found a shadowy altar of Dithmenos.
 10492 | D:9      | Noticed a two-headed ogre
 10506 | D:9      | Killed a two-headed ogre
 10824 | D:9      | Reached ** piety under Beogh
 10904 | D:9      | Reached skill level 11 in Long Blades
 10926 | D:9      | Noticed Harold
 10940 | D:9      | Reached XP level 11. HP: 73/84 MP: 11/11
 10940 | D:9      | Killed Harold
 11052 | D:9      | Found a staircase to the Lair.
 11205 | D:9      | Noticed Erolcha
 11205 | D:9      | Paralysed by Erolcha for 7 turns
 11218 | D:9      | Killed Erolcha
 11684 | D:10     | Entered Level 10 of the Dungeon
 11690 | D:10     | Reached skill level 10 in Armour
 11750 | D:10     | Reached skill level 10 in Shields
 11765 | D:10     | Reached skill level 12 in Long Blades
 11979 | D:10     | Found Noggiame's General Store.
 12007 | D:10     | Noticed Urug
 12025 | D:10     | Killed Urug
 12277 | D:10     | Bought a scroll of brand weapon for 240 gold pieces
 12390 | D:10     | Noticed a two-headed ogre
 12404 | D:10     | Killed a two-headed ogre
 12404 | D:10     | Reached *** piety under Beogh
 12667 | D:10     | Found an ornate altar of the Wu Jian Council.
 12990 | D:11     | Noticed a manticore
 12991 | D:11     | Reached XP level 12. HP: 93/93 MP: 12/12
 13013 | D:11     | Noticed a seven-headed hydra
 13156 | D:11     | Found Wapel's Magic Scroll Shop.
 13172 | D:11     | Killed a seven-headed hydra
 13177 | D:11     | HP: 6/139 [cloud of flame (26)]
 13177 | D:11     | Shot with an arrow by a centaur

Illustrated notes

Levels and vault maps discovered:
D:1:      evilmike_arrival_hilbert_curve, layout_loops_ring
D:2:      layout_basic, lemuel_round_altar, lemuel_crystal_altar, first_ration,
          lemuel_blue_sif_altar, uniq_natasha
D:3:      layout_basic, overflow_temple_1_default,
          chequers_ecumenical_altar_simple, uniq_terence
D:4:      minmay_angry_zag, layout_loops_ring, serial_shops, nicolae_shop_trees,
          grunt_ministairs_3, minmay_door_square, serial_bayou_lagoon_b
D:5:      layout_basic, nicolae_ru_great_annihilating_truth, lemuel_round_altar,
          enter_ossuary_5
D:6:      layout_loops_cross, kennysheep_little_box,
          minmay_temple_entry_from_below_b, serial_shops,
          nicolae_shop_window_shopping
D:7:      layout_loops_ring, grunt_livestock, fedhas_altar_1, uniq_menkaure,
          uniq_pikel
D:8:      layout_gridville, elyvilon_altar_1, uniq_maurice
D:9:      layout_roguey, lair_entry_dummy, nicolae_dithmenos_shadow_blocks,
          uniq_harold, uniq_erolcha
D:10:     layout_long_grid, serial_shops, shop, basic_altar, amethyst_killhole,
          uniq_urug
D:11:     layout_big_octagon, orc_0_dummy, serial_shops,
          nicolae_shop_statue_plus, serial_column_ruins, column_ruins_hut,
          column_ruins_courtyard_long, column_ruins_grid_4,
          column_ruins_columns_corner, column_ruins_corridor_straight,
          column_ruins_grid_3, column_ruins_grid_2, column_ruins_open_medium,
          column_ruins_grid_1

Skill      XL: |  1  2  3  4  5  6  7  8  9 10 11 |
---------------+----------------------------------+-----
Armour         | 4 5 6 8 9 10 | 10.2
Fighting       | 4 5 7 8 9 |  9.3
Long Blades    | 3 4 5 6 7 9 11 12 | 12.5
Shields        | 4 5 7 8 11 | 11.3
Dodging        | 1 |  1.7
Stealth        | 1 |  1.0
Evocations     | |  0.4

Action                   |  1- 3 |  4- 6 |  7- 9 | 10-12 || total
-------------------------+-------+-------+-------+-------++-------
Melee: Long sword        |   148 |   226 |   598 |   184 ||  1156
       Scimitar          |       |       |       |   223 ||   223
Invok: Convert to Beogh  |       |       |     1 |       ||     1
Evoke: Wand              |       |       |     2 |     7 ||     9
  Use: Scroll            |     2 |     5 |     2 |    14 ||    23
       Potion            |       |     5 |     9 |     4 ||    18
 Stab: Invisible         |       |       |     2 |       ||     2
  Eat: Chunk             |     1 |     6 |       |     1 ||     8
       Ration            |       |     1 |     5 |     6 ||    12
Armor: Chain mail        |    95 |   110 |     1 |       ||   206
       Scale mail        |     5 |       |       |       ||     5
       Plate armour      |       |       |   358 |   219 ||   577
       Skin              |       |       |    15 |    12 ||    27
Dodge: Dodged            |    37 |    51 |   110 |    77 ||   275
Block: Kite shield       |   103 |   120 |   240 |       ||   463
       Tower shield      |       |       |       |   363 ||   363
       Rpst.: Long sword |    13 |    16 |    41 |    10 ||    80
       Scimitar          |       |       |       |    12 ||    12
